 Dungeon Crawl Stone Soup version 0.29-a0-892-g2c4c91d9db (webtiles) character file.

Game seed: 13475525004693892530

12 Spectrina the Magician (level 2, 0/22 HPs)
             Began as a Djinni Arcane Marksman on July 22, 2022.
             Slain by a rat (2 damage)
             ... on level 1 of the Dungeon.
             The game lasted 00:01:54 (243 turns).

Spectrina the Magician (Djinni Arcane Marksman)      Turns: 243, Time: 00:01:54

Health: 0/22       AC:  2    Str:  9    XL:     2   Next: 45%
Gold:   9          EV: 12    Int: 14    God:
                   SH:  0    Dex: 13

rFire   + + .      SeeInvis .   a - +1 dagger (elec)
rCold   x . .      Faith    .   (no shield)
rNeg    . . .      Spirit   .   c - +0 robe
rPois   ∞          Reflect  .   (no helmet)
rElec   .          Harm     .   (no cloak)
rCorr   .          Rampage  .   (no gloves)
Will    .....                   (boots unavailable)
Stlth   +.........              (no amulet)
HPRegen 0.07/turn               (no ring)
MPRegen 0.00/turn               (no ring)

@: attractive, flying
A: sickness immunity, fire resistance 2, cold vulnerability 1, float, innate
caster, HP casting, extra vitality 1
a: no special abilities


You were on level 1 of the Dungeon.
You visited 1 branch of the dungeon, and saw 2 of its levels.

You collected 9 gold pieces.

Inventory:

Hand Weapons
 a - a +1 dagger of electrocution (weapon)
 b - a +0 sling
Armour
 c - a +0 robe (worn)
Scrolls
 e - a scroll of teleportation {unknown}
 f - a scroll of vulnerability
 g - a scroll of magic mapping {unknown}
Potions
 d - 2 potions of attraction


   Skills:
 - Level 1.0 Fighting
 - Level 1.5 Ranged Weapons
 - Level 2.1 Dodging
 + Level 3.0 Spellcasting


You couldn't memorise any spells.
You knew the following spells:

 Your Spells              Type           Power      Damage    Failure   Level
a - Slow                  Hex            40%        N/A       6%          1
b - Inner Flame           Hex/Fire       10%        N/A       19%         3
c - Portal Projectile     Hex/Tloc       20%        N/A       19%         3
d - Cause Fear            Hex            5%         N/A       52%         4
Your spell library was empty.

Dungeon Overview and Level Annotations

Branches:
Dungeon (2/15)

Altars:


Innate Abilities, Weirdness & Mutations

You are immune to sickness and miasma.
You are immune to poison.
Your flesh is very heat resistant. (rF++)
You are vulnerable to cold. (rC-)
You float through the air rather than walking.
You learn spells naturally, not from books.
Your magical power is your life essence.
You have superior vitality. (+4 MHP)


Message History

You hit the goblin.
The goblin is heavily wounded.
The goblin hits you but does no damage.
A goblin comes into view. It is wielding a +0 dagger.
You barely miss the goblin.
The goblin is heavily wounded.
The goblin closely misses you.
You closely miss the goblin.
The goblin is heavily wounded.
The goblin misses you.
The goblin shouts!
You hit the goblin. Lightning courses through the goblin!
You kill the goblin!
The ball python closely misses you. The ball python grabs you.
The ball python constricts you.
You hit the ball python.
Lightning courses through the ball python!
You kill the ball python!
The hobgoblin barely misses you.
You closely miss the frilled lizard. The hobgoblin barely misses you.
The frilled lizard bites you.
You hit the frilled lizard.
You kill the frilled lizard!
The hobgoblin barely misses you.
Your Spellcasting skill increases to level 3!
You hit the kobold.
The kobold is heavily wounded.
The rat closely misses you. The kobold hits you with a +0 whip.
* * * LOW HITPOINT WARNING * * *
Unknown command.
It was a potion of attraction.
You feel attractive to monsters. The rat misses you. The hobgoblin misses you.
The kobold hits you with a +0 whip.
* * * LOW HITPOINT WARNING * * *
Unknown command.
It was a potion of flight.
You feel more buoyant. The rat bites you.
You die...

#..#.#.# ###.#.#.#
..... #[......#
..... #.#.#.###
...... #.#.#.#
.[....
#.....####......
###...##.......#
##..##rg.....#
######...##@g.....#
#.......>.K######..
#........#.#
#......###.#
......†.+ ...
...)....# #...
......### #....
...... #....#
...... #$...#


You could see a hobgoblin, a goblin, a kobold and a rat.

Vanquished Creatures
  5 ball pythons (D:1)
  2 bats (D:1)
  An endoplasm (D:1)
  A goblin (D:1)
  2 frilled lizards (D:1)
  A rat (D:1)
12 creatures vanquished.

Notes
Turn   | Place    | Note
-------+----------+-------------------------------------------
     0 | D:1      | Spectrina the Djinni Arcane Marksman began the quest for
                  | the Orb.
     0 | D:1      | Spectrina set off with the following spells memorised:
                  | Slow, Inner Flame, Portal Projectile, Cause Fear.
     0 | D:1      | Reached XP level 1. HP: 17/17 MP: 0/0
   125 | D:1      | Reached XP level 2. HP: 21/22 MP: 0/0
   241 | D:1      | Reached skill level 3 in Spellcasting
   243 | D:1      | Slain by a rat

Illustrated notes

Levels and vault maps discovered:
D:1:      saegor_arrival_simple_b, layout_basic, serial_shops,
          nicolae_shop_advertising_works [nicolae_subvault_shop_adworks]
D:2:      minmay_diamond_boxcup, layout_loops_corners,
          ebering_ecumenical_altar_box, basic_altar, kennysheep_nub,
          uniq_terence

Skill      XL: |  1  2 |
---------------+-------+-----
Spellcasting   | 3 |  3.0
Fighting       | |  1.0
Ranged Weapons | |  1.5
Dodging        | |  2.1

Action                   || total
-------------------------++-------
Melee: Dagger            ||    21
 Fire: Sling             ||    19
  Use: Potion            ||     2
Armor: Robe              ||    11
Dodge: Dodged            ||    30

Table legend: (Time is in decaauts)
 A = Elapsed time spent in this place.
 B = Non-inter-level travel time spent in this place.
 C = Inter-level travel time spent in this place.
 D = Time resting spent in this place.
 E = Time spent auto-exploring this place.
 F = Levels seen in this place.
 G = Mean time per level.
                   A        B        C        D        E       F      G
               +--------+--------+--------+--------+--------+-----+--------+
         Total |    246 |    220 |     26 |      0 |      0 |   2 |  123.0 |
       Dungeon |    246 |    220 |     26 |      0 |      0 |   2 |  123.0 |
               +--------+--------+--------+--------+--------+-----+--------+

Top non-repeatable levels by time:
     D:1: 221 daAuts
     D:2: 24 daAuts
